 Dungeon Crawl Stone Soup version 0.17-a0-1399-gd5b76e1 (webtiles) character file.

166 urechis the Spear-Bearer (level 5, 0/38 HPs)
             Began as a Merfolk Gladiator on June 19, 2015.
             Succumbed to an orc wizard's poison
             ... on level 3 of the Dungeon.
             The game lasted 00:06:55 (1923 turns).

urechis the Spear-Bearer (Merfolk Gladiator)        Turns: 1923, Time: 00:06:55

Health: 0/38       AC:  6    Str: 15    XL:     5   Next: 47%
Magic:  5/5        EV: 13    Int:  8    God:
Gold:   151        SH:  0    Dex: 15    Spells: 0 memorised, 4 levels left

rFire  . . .     SeeInvis .     a - +0 trident
rCold  . . .     Clarity  .     v - +0 leather armour {MR+}
rNeg   . . .     SustAt   .     (no shield)
rPois  .         Gourm    .     c - +0 helmet
rElec  .         Spirit   .     (no cloak)
rCorr  .         Warding  .     r - +0 pair of gloves
rMut   .         Rnd*Tele +     i - +0 pair of boots
MR     +....                    (no amulet)
Stlth  +.........               (no ring)
                                u - ring of teleportation

@: lethally poisoned (0 -> -8), somewhat resistant to hostile enchantments, very
unstealthy
A: change form in water, swift swim
a: Evoke Teleportation


You were on level 3 of the Dungeon.
You were not hungry.

You visited 1 branch of the dungeon, and saw 3 of its levels.

You collected 151 gold pieces.

Inventory:

Hand weapons
 a - a +0 trident (weapon)
Missiles
 e - 3 throwing nets (quivered)
Armour
 c - a +0 helmet (worn)
 i - a +0 pair of boots (worn)
 r - a +0 pair of gloves (worn)
 v - a +0 leather armour of magic resistance (worn)
Jewellery
 u - a ring of teleportation (left hand)
Scrolls
 g - 3 scrolls of recharging
 m - 2 scrolls of remove curse
 n - 3 scrolls of teleportation
Comestibles
 d - 2 bread rations
 p - a beef jerky
 s - 2 meat rations
 t - 5 fruits


   Skills:
 - Level 2.1 Fighting
 + Level 8.7 Polearms
 - Level 2.0 Throwing
 - Level 4.0 Dodging


You had 4 spell levels left.
You didn't know any spells.

Dungeon Overview and Level Annotations

Branches:
Dungeon (3/15)

Altars:
Elyvilon
Gozag
Vehumet
Zin
The Shining One


Message History

Your magical effects are unravelling.
You feel magically purged.
Your resistance to elements expires.
* * * LOW HITPOINT WARNING * * *
You feel sick.
Drink which item? (? for menu, Esc to quit)
It was a potion of cure mutation.
It has a very clean taste.
* * * LOW HITPOINT WARNING * * *
You feel sick.
* * * LOW HITPOINT WARNING * * *
You feel sick.
* * * LOW HITPOINT WARNING * * *
You feel sick.
* * * LOW HITPOINT WARNING * * *
You feel sick.
* * * LOW HITPOINT WARNING * * *
You feel sick.
Things that are here:
a dagger of venom; a robe; an orc corpse You die...

####.###..###.###.##.#
### #...#...#...#.#
###### #...........#.#
.....# # #######.....#
####[# #.##### ####†#
#.# ...#.###### #[#
##........######)#######
###.####......)@.......
#.# #######..###### #..
##.# #### .# .# .# .# .#


There were no monsters in sight!

Vanquished Creatures
  An orc wizard (D:3)
  Natasha (thrice) (D:2)
  3 adders (D:2)
  3 worms (D:2)
  3 giant geckos
  13 orcs (D:3)
  A ball python (D:1)
  A giant cockroach (D:1)
  5 hobgoblins
  2 jackals (D:2)
  5 kobolds
  3 bats
  5 giant newts
  7 goblins
  5 rats
60 creatures vanquished.

Notes
Turn   | Place    | Note
--------------------------------------------------------------
     0 | D:1      | urechis the Merfolk Gladiator began the quest for the Orb.
     0 | D:1      | Reached XP level 1. HP: 16/16 MP: 1/1
   167 | D:1      | Reached skill level 5 in Polearms
   218 | D:1      | Reached XP level 2. HP: 22/22 MP: 2/2
   559 | D:2      | Reached skill level 6 in Polearms
   559 | D:2      | Reached XP level 3. HP: 11/27 MP: 3/3
  1144 | D:2      | Noticed Natasha
  1155 | D:2      | Killed Natasha
  1155 | D:2      | Reached skill level 7 in Polearms
  1155 | D:2      | Reached XP level 4. HP: 17/33 MP: 4/4
  1268 | D:2      | Noticed Natasha
  1277 | D:2      | Killed Natasha
  1402 | D:2      | Noticed Natasha
  1405 | D:2      | Killed Natasha
  1448 | D:3      | Found an opulent altar of Gozag.
  1581 | D:3      | Reached skill level 8 in Polearms
  1581 | D:3      | Reached XP level 5. HP: 34/38 MP: 5/5
  1605 | D:3      | Found a white marble altar of Elyvilon.
  1607 | D:3      | Found a glowing golden altar of the Shining One.
  1608 | D:3      | Found a glowing silver altar of Zin.
  1837 | D:3      | Found a radiant altar of Vehumet.
  1922 | D:3      | HP: 1/38 [poisoned by an orc wizard]
  1923 | D:3      | Succumbed to an orc wizard's poison

Vault maps used:
D:1:      dpeg_arrival_snail
D:2:      uniq_natasha
D:3:      good_gods_temple_1, vehumet_crystals, grunt_gozag_statues

Action                   |  1- 3 |  4- 6 || total
-------------------------+-------+-------++-------
Melee: Trident           |    93 |   114 ||   207
  Use: Scroll            |       |     8 ||     8
       Potion            |       |     7 ||     7
 Stab: Sleeping          |     1 |       ||     1
  Eat: Chunk             |     1 |     2 ||     3
